 Dungeon Crawl Stone Soup version 0.26-a0-649-gf8c6c3aab7 (webtiles) character file.

Game seed: 10992434786537741257

7974 timneilson the Thaumaturge (level 11, -10/54 HPs)
             Began as a Deep Elf Conjurer on Sept 27, 2020.
             Was a High Priest of Vehumet.
             Mangled by a crocodile (18 damage)
             ... on level 11 of the Dungeon.
             The game lasted 00:44:39 (11833 turns).

timneilson the Thaumaturge (Deep Elf Conjurer)     Turns: 11833, Time: 00:44:40

Health: -10/54     AC:  4    Str:  4    XL:     11   Next: 3%
Magic:  27/27      EV: 19    Int: 27    God:    Vehumet [*****.]
Gold:   584        SH:  9    Dex: 19    Spells: 8/30 levels left

rFire    . . .     SeeInvis .   C - staff of earth
rCold    . . .     Faith    .   i - +3 buckler
rNeg     . . .     Spirit   .   a - +0 robe
rPois    .         Reflect  .   (no helmet)
rElec    .         Harm     .   F - +0 cloak
rCorr    .         Rampage  .   j - +0 pair of gloves (curse)
MR       +....                  (no boots)
Stlth    +++.......             (no amulet)
HPRegen  0.18/turn              m - ring of flight
MPRegen  0.20/turn              r - +6 ring of dexterity

@: no status effects
A: no striking features
a: Renounce Religion, Evoke Flight


You were on level 11 of the Dungeon.
You worshipped Vehumet.
Vehumet was extremely pleased with you.
You visited 1 branch of the dungeon, and saw 11 of its levels.

You collected 584 gold pieces.

Inventory:

Hand Weapons
 w - a +2 dagger of flaming
Armour
 a - a +0 robe (worn)
 i - a +3 buckler (worn)
 j - a cursed +0 pair of gloves (worn)
 F - a +0 cloak (worn)
Magical Staves
 C - an uncursed staff of earth (weapon)
Jewellery
 m - a ring of flight (left hand)
 r - a +6 ring of dexterity (right hand)
Wands
 e - a wand of paralysis (9)
 t - a wand of disintegration (18)
 v - a wand of flame (21)
 B - a wand of polymorph (13)
 E - a wand of random effects (12)
 J - a wand of iceblast (10)
Scrolls
 c - 3 scrolls of teleportation
 g - 14 scrolls of remove curse
 p - 3 scrolls of fear
 x - a scroll of magic mapping
 y - a scroll of amnesia
 D - a scroll of enchant armour
 G - 2 scrolls of identify
 H - a scroll of summoning
Potions
 b - 2 potions of brilliance
 d - 2 potions of lignification
 f - a potion of invisibility
 h - 4 potions of stabbing
 k - a potion of resistance
 l - 9 potions of curing
 n - 5 potions of heal wounds
 o - a potion of cancellation
 s - 2 potions of haste
 u - a potion of mutation
 z - 3 potions of might
 A - a potion of ambrosia {unknown}
 K - 2 potions of magic {unknown}


   Skills:
 * Level 9.0 Dodging
 - Level 5.0 Stealth
 + Level 4.0 Shields
 * Level 10.0 Spellcasting
 * Level 9.1 Conjurations
 - Level 5.0 Hexes
 + Level 4.7 Translocations
 + Level 2.3 Transmutations
 + Level 2.3 Fire Magic
 + Level 4.6 Earth Magic
 + Level 2.3 Poison Magic
 + Level 5.0 Evocations


You had 8 spell levels left.
You knew the following spells:

 Your Spells              Type           Power        Failure   Level
a - Magic Dart            Conj           ####         1%          1
b - Searing Ray           Conj           ######       1%          2
c - Fulminant Prism       Conj/Hex       ######....   1%          4
d - Iskenderun's Mystic   Conj/Tloc      ######..     1%          4
e - Stone Arrow           Conj/Erth      ######       1%          3
f - Lee's Rapid Deconstr  Erth           ######....   5%          5
g - Ignite Poison         Fire/Tmut/Pois ####....     1%          3

Your spell library contained the following spells:

 Spells                   Type           Power        Failure   Level
 Sticky Flame             Conj/Fire      #####...     1%          4
 Apportation              Tloc           #####.       1%          1
 Beastly Appendage        Tmut           ####..       1%          1
 Corona                   Hex            #####..      1%          1
 Sandblast                Erth           ######       1%          1
 Passwall                 Tmut/Erth      #####...     1%          2
 Dazzling Flash           Conj/Hex       ######       1%          3
 Wereblood                Tmut           ####....     2%          2
 Animate Skeleton         Necr           ##....       4%          1
 Summon Small Mammal      Summ           ##..         4%          1
 Spider Form              Tmut/Pois      ####......   4%          3
 Summon Guardian Golem    Hex/Summ       ####....     4%          3
 Call Imp                 Summ           ##......     6%          2
 Petrify                  Tmut/Erth      #####...     11%         4
 Call Canine Familiar     Summ           ##......     13%         3
 Ice Form                 Ice/Tmut       ###.....     26%         4
 Summon Ice Beast         Ice/Summ       ##......     38%         4
 Summon Lightning Spire   Summ/Air       ##......     38%         4
 Blade Hands              Tmut           ####......   43%         5


Dungeon Overview and Level Annotations

Branches:
Dungeon (11/15)            Temple (0/1) D:7             Orc (0/2) D:10
   Lair: D:8-11

Altars:
Ashenzari
Cheibriados
Fedhas
Makhleb
Okawaru
Sif Muna
Vehumet
Wu Jian
Xom
The Shining One

Annotations:
D:6 1 runed translucent door, Shadowablaze's ghost, novice MiHu
D:9 exclusion: oklob plant


Message History

You start resting.
Magic restored.
You climb downwards.
The ogre completely misses you. The seven-headed hydra bites you.
The seven-headed hydra closely misses you.
The seven-headed hydra bites you! The seven-headed hydra bites you.
The seven-headed hydra bites you! x2
* * * LOW HITPOINT WARNING * * *
The seven-headed hydra bites you but does no damage.
A howler monkey comes into view.
You block the seven-headed hydra's attack.
The seven-headed hydra barely misses you.
You block the seven-headed hydra's attack.
The seven-headed hydra completely misses you.
You block the seven-headed hydra's attack.
The seven-headed hydra bites you!
* * * LOW HITPOINT WARNING * * *
The seven-headed hydra closely misses you.
The crocodile bites you!!
You die...

##############.###
............##.#..
.......<....#....#######
............#.....(.....
..........###†..........
..........###......(....
...............D.>.....#
........)####..O@#
.........####..t##
...........††..(.#
......#..#####h#.#
..#####..###.#.....
.............#.......
...####..###.#......##
...####.Y# ......#..
.........# ........#


You could see a seven-headed hydra, a crocodile, an ogre and a howler monkey
(wandering).

Vanquished Creatures
  Joseph (D:9)
  A gargoyle (D:10)
  2 trolls
  A hornet (D:9)
  A hippogriff (D:10)
  A shadow (D:9)
  Sigmund (D:4)
  4 yaks (D:11)
  2 water moccasins
  A porcupine (D:11)
  3 black bears
  3 orc warriors
  3 ice beasts
  A necrophage (D:7)
  3 phantoms
  A sky beast (D:9)
  3 ogres
  A wolf (D:11)
  A boggart (D:9)
  3 centaurs
  2 crocodiles
  A big kobold (D:8)
  3 bullfrogs
  3 scorpions
  12 killer bees (D:10)
  An oklob sapling (D:9)
  15 wights
  5 howler monkeys
  3 quasits
  5 hounds
  A bullfrog zombie (D:9)
  A centaur skeleton (D:5)
  9 orc wizards
  A bullfrog skeleton (D:10)
  4 orc priests
  2 gnoll shamans
  A jelly (D:6)
  2 iguanas
  12 worker ants
  A killer bee zombie (D:5)
  A hound skeleton (D:9)
  A worker ant zombie (D:10)
  9 gnolls
  16 adders
  2 ufetubi
  An adder zombie (D:5)
  2 worms
  2 dart slugs
  6 leopard geckos
  27 orcs
  4 bats
  8 giant cockroaches
  6 hobgoblins
  A jackal (D:1)
  5 quokkas
  7 ball pythons (D:9)
  6 frilled lizards
  A giant cockroach zombie (D:5)
  9 goblins
  9 kobolds
  A quokka zombie (D:6)
  12 rats
257 creatures vanquished.

Vanquished Creatures (others)
  A giant cockroach (D:2)
  A fulminant prism (D:10)
  4 fungi (D:11)
  9 plants
15 creatures vanquished.

Grand Total: 272 creatures vanquished

Notes
Turn   | Place    | Note
-------+----------+-------------------------------------------
     0 | D:1      | timneilson the Deep Elf Conjurer began the quest for the
                  | Orb.
     0 | D:1      | Reached XP level 1. HP: 10/10 MP: 6/6
   182 | D:1      | Reached XP level 2. HP: 5/15 MP: 1/8
   962 | D:1      | Reached XP level 3. HP: 19/19 MP: 7/10
   969 | D:1      | Learned a level 2 spell: Searing Ray
  1427 | D:2      | Found a radiant altar of Vehumet.
  1443 | D:2      | Became a worshipper of Vehumet
  1747 | D:2      | Found a burning altar of Makhleb.
  1748 | D:2      | Found a blossoming altar of Fedhas.
  1754 | D:2      | Found a faded altar of an unknown god.
  2153 | D:3      | Found a shimmering blue altar of Sif Muna.
  2313 | D:3      | Reached skill level 4 in Spellcasting
  2313 | D:3      | Reached XP level 4. HP: 22/24 MP: 2/12
  2413 | D:3      | Reached skill level 5 in Conjurations
  2619 | D:3      | Reached skill level 1 in Shields
  2619 | D:3      | Reached XP level 5. HP: 28/28 MP: 4/13
  2625 | D:3      | Identified Sif Muna's Collected Works on the Voyage
  2811 | D:4      | Found a glowing golden altar of the Shining One.
  2860 | D:4      | Reached * piety under Vehumet
  2860 | D:4      | Offered knowledge of Foxfire by Vehumet.
  2996 | D:4      | Reached skill level 1 in Evocations
  3202 | D:4      | Reached skill level 5 in Spellcasting
  3202 | D:4      | Reached XP level 6. HP: 32/32 MP: 13/15
  3501 | D:4      | Learned a level 4 spell: Fulminant Prism
  3506 | D:4      | Learned a level 4 spell: Iskenderun's Mystic Blast
  3667 | D:4      | Noticed Sigmund
  3672 | D:4      | Killed Sigmund
  3672 | D:4      | Reached skill level 1 in Hexes
  3672 | D:4      | Reached XP level 7. HP: 15/36 MP: 13/17
  4012 | D:5      | Entered Level 5 of the Dungeon
  4017 | D:5      | Learned a level 3 spell: Stone Arrow
  4270 | D:5      | Reached skill level 5 in Dodging
  4270 | D:5      | Reached skill level 1 in Translocations
  4322 | D:5      | Reached skill level 6 in Spellcasting
  4402 | D:5      | Reached skill level 1 in Earth Magic
  4793 | D:5      | Reached XP level 8. HP: 41/41 MP: 13/19
  5371 | D:6      | Reached ** piety under Vehumet
  5620 | D:6      | Noticed a troll
  5637 | D:6      | Offered knowledge of Shock by Vehumet.
  5682 | D:6      | Reached skill level 5 in Stealth
  5682 | D:6      | Reached skill level 7 in Spellcasting
  5790 | D:6      | Found a runed translucent door.
  5790 | D:6      | Noticed Shadowablaze's ghost (novice MiHu)
  5967 | D:6      | Killed a troll
  6194 | D:7      | Reached XP level 9. HP: 45/45 MP: 17/22
  6595 | D:7      | Offered knowledge of Inner Flame by Vehumet.
  6665 | D:7      | Found a staircase to the Ecumenical Temple.
  6758 | D:7      | Found a broken altar of Ashenzari.
  7006 | D:8      | Reached skill level 8 in Spellcasting
  7318 | D:8      | Found an ornate altar of the Wu Jian Council.
  7332 | D:8      | Found a shimmering altar of Xom.
  7609 | D:8      | Found an iron altar of Okawaru.
  8224 | D:9      | Learned a level 5 spell: Lee's Rapid Deconstruction
  8238 | D:9      | Reached *** piety under Vehumet
  8254 | D:9      | Found a snail-covered altar of Cheibriados.
  8397 | D:9      | Offered knowledge of Ignite Poison by Vehumet.
  8402 | D:9      | Learned a level 3 spell: Ignite Poison
  8463 | D:9      | Found a blossoming altar of Fedhas.
  8656 | D:9      | Noticed an oklob plant
  8863 | D:9      | Noticed Joseph
  8870 | D:9      | Killed Joseph
  8870 | D:9      | Reached XP level 10. HP: 45/50 MP: 12/24
  8977 | D:9      | Reached skill level 9 in Spellcasting
  9455 | D:10     | Entered Level 10 of the Dungeon
  9755 | D:10     | Reached skill level 1 in Fire Magic
 10028 | D:10     | Noticed a gargoyle
 10036 | D:10     | Killed a gargoyle
 10036 | D:10     | Reached skill level 1 in Transmutations
 10036 | D:10     | Reached skill level 1 in Poison Magic
 10151 | D:10     | Reached skill level 5 in Hexes
 10153 | D:10     | Reached **** piety under Vehumet
 10426 | D:10     | Offered knowledge of Static Discharge by Vehumet.
 10942 | D:10     | Found a staircase to the Orcish Mines.
 11457 | D:11     | Reached ***** piety under Vehumet
 11458 | D:11     | Offered knowledge of Sticky Flame by Vehumet.
 11718 | D:11     | Reached skill level 5 in Evocations
 11721 | D:11     | Reached XP level 11. HP: 54/54 MP: 8/26
 11721 | D:11     | Noticed a seven-headed hydra
 11724 | D:11     | Reached skill level 10 in Spellcasting
 11833 | D:11     | Mangled by a crocodile

Illustrated notes

Levels and vault maps discovered:
D:1:      minmay_arrival_five_plusses, layout_rooms, minmay_split_cup_small
D:2:      cheibrodos_old_hovel, layout_basic, nicolae_overflow_hidden_temple,
          fiery_altar_vehumet, chequers_ecumenical_altar_simple_redux
D:3:      layout_rooms, led_sif_book
D:4:      layout_basic, lemuel_round_altar, uniq_sigmund
D:5:      layout_layer_cave
D:6:      layout_cave_pools, ebering_ghost_reflecting_pool
D:7:      layout_gridville, nicolae_overflow_crystal_walls,
          minmay_temple_entry_mist
D:8:      layout_gridville, old_standard_altar, lemuel_crystal_altar,
          xom_teletrap_fun, hangedman_decor_lopped
D:9:      minmay_chambers_of_sixes, layout_rooms, kennysheep_mini_moat,
          introduction_to_nature_1, uniq_joseph
D:10:     layout_small_grid, orc_0_dummy
D:11:     layout_basic, minmay_lair_entry_grove, serial_shops, shop,
          special_room [special_room_orc], uniq_nergalle, uniq_maurice,
          uniq_erolcha

Skill      XL: |  1  2  3  4  5  6  7  8  9 10 11 |
---------------+----------------------------------+-----
Dodging        | 3 4 5 6 7 9 |  9.0
Stealth        | 3 4 5 |  5.0
Spellcasting   | 4 5 6 7 8 9 10 | 10.0
Conjurations   | 5 6 7 8 9 |  9.1
Shields        | 1 2 3 4 |  4.0
Evocations     | 1 2 3 4 5 |  5.0
Hexes          | 1 2 3 4 5 |  5.0
Translocations | 1 2 3 4 |  4.7
Earth Magic    | 1 2 3 4 |  4.6
Fire Magic     | 2 |  2.3
Transmutations | 2 |  2.3
Poison Magic   | 2 |  2.3

Action                   |  1- 3 |  4- 6 |  7- 9 | 10-12 || total
-------------------------+-------+-------+-------+-------++-------
Melee: Dagger            |     9 |       |       |       ||     9
       Staff             |       |       |     1 |     5 ||     6
 Cast: Magic Dart        |    86 |    24 |    90 |    12 ||   212
       Searing Ray       |     3 |    16 |    34 |     3 ||    56
       Stone Arrow       |       |       |    57 |    94 ||   151
       Lee's Rapid Decon |       |       |     8 |     1 ||     9
       Iskenderun's Myst |       |       |     3 |    22 ||    25
       Fulminant Prism   |       |       |       |     1 ||     1
 Abil: Evoke Flight      |       |     1 |       |     1 ||     2
       Stop Flying       |       |     1 |       |       ||     1
  Use: Scroll            |     9 |     5 |     7 |     6 ||    27
       Potion            |       |       |       |     1 ||     1
 Stab: Distracted        |       |       |     1 |       ||     1
Armor: Robe              |       |       |     2 |     5 ||     7
Dodge: Dodged            |     4 |     6 |    26 |    33 ||    69
Block: Buckler           |     5 |     2 |    14 |    20 ||    41

Table legend: (Time is in decaauts)
 A = Elapsed time spent in this place.
 B = Non-inter-level travel time spent in this place.
 C = Inter-level travel time spent in this place.
 D = Time resting spent in this place.
 E = Time spent auto-exploring this place.
 F = Levels seen in this place.
 G = Mean time per level.
                   A        B        C        D        E       F      G
               +--------+--------+--------+--------+--------+-----+--------+
         Total |  11822 |  11431 |    391 |   1589 |   7955 |  11 | 1074.7 |
       Dungeon |  11822 |  11431 |    391 |   1589 |   7955 |  11 | 1074.7 |
               +--------+--------+--------+--------+--------+-----+--------+

Top non-repeatable levels by time:
    D:10: 1856 daAuts
     D:9: 1699 daAuts
     D:4: 1275 daAuts
     D:5: 1265 daAuts
     D:1: 1151 daAuts
     D:8: 1138 daAuts
     D:6: 891 daAuts
     D:2: 864 daAuts
     D:7: 826 daAuts
     D:3: 717 daAuts
    D:11: 135 daAuts
